 Dungeon Crawl Stone Soup version 0.30-a0-4-ga7cffc901d (webtiles) character file.

Game seed: 9559005427450302506

98 greenreed the Cudgeller (level 4, -2/40 HPs)
             Began as a Draconian Berserker on Aug 22, 2022.
             Was a Believer of Trog.
             Slain by an orc
             ... wielding a +1 flail of holy wrath
              (8 damage)
             ... on level 3 of the Dungeon.
             The game lasted 00:02:37 (2081 turns).

greenreed the Cudgeller (Draconian Berserker)       Turns: 2081, Time: 00:02:37

Health: -2/40      AC:  5    Str: 21    XL:     4   Next: 44%
Magic:  4/4        EV: 12    Int:  8    God:    Trog [**....]
Gold:   153        SH:  0    Dex: 10    Spells: 3/3 levels left

rFire   . . .      SeeInvis .    a - +0 mace
rCold   . . .      Faith    .    (no shield)
rNeg    . . .      Spirit   .    (body armour unavailable)
rPois   .          Reflect  .    (helmet restricted)
rElec   .          Harm     .    (no cloak)
rCorr   .          Rampage  .    (no gloves)
Will    .....                    (no boots)
Stlth   +.........               (no amulet)
HPRegen 0.13/turn                (no ring)
MPRegen 0.09/turn                (no ring)

@: no status effects
A: AC +5, unfitting armour, cold-blooded
a: Renounce Religion, Berserk, Trog's Hand


You were on level 3 of the Dungeon.
You worshipped Trog.
Trog was pleased with you.
You visited 1 branch of the dungeon, and saw 3 of its levels.

You collected 153 gold pieces.

Inventory:

Hand Weapons
 a - a +0 mace (weapon)
Scrolls
 c - 5 scrolls of identify {unknown}
 d - 4 scrolls of teleportation {unknown}
 e - 3 scrolls of enchant weapon {unknown}
 g - a scroll of magic mapping {unknown}
 h - a scroll of amnesia {unknown}
 j - a scroll of fear {unknown}
 k - a scroll of silence {unknown}
 m - a scroll of enchant armour {unknown}
 o - a scroll of acquirement {unknown}
Potions
 b - a potion of magic {unknown}
 f - a potion of haste {unknown}
 i - a potion of curing {unknown}
 l - a potion of brilliance {unknown}
 n - a potion of lignification {unknown}


   Skills:
 + Level 4.0 Fighting
 + Level 4.1 Maces & Flails
 + Level 3.5 Dodging
 + Level 0.1 Stealth


You had 3 spell levels left.
You didn't know any spells.
Your spell library was empty.

Dungeon Overview and Level Annotations

Branches:
Dungeon (3/15)

Altars:
Gozag


Innate Abilities, Weirdness & Mutations

Your plain brown scales are hard. (AC +5)
You cannot fit into any form of body armour.
You are cold-blooded and may be slowed by cold attacks.


Message History

The orc misses you. The orc closely misses you.
The orc hits you with a +0 mace.
You barely miss the orc. You tail-slap the orc.
The orc is almost dead.
The orc hits you with a +0 short sword. The orc hits you with a +0 whip.
The orc misses you.
You barely miss the orc.
The orc is almost dead.
The orc hits you with a +1 flail of holy wrath!
The orc hits you but does no damage. x2; The orc closely misses you.
You sock the orc!
You kill the orc!
Trog accepts your kill. The orc barely misses you.
The orc hits you with a +0 whip. The orc barely misses you.
The orc hits you with a +0 whip. The orc barely misses you. x2
You hit the orc.
The orc is almost dead.
The orc hits you with a +0 whip. The orc hits you but does no damage.
The orc misses you.
You are too injured to fight recklessly!
You are too injured to fight recklessly!
You are too injured to fight recklessly!
You are too injured to fight recklessly!
You are too injured to fight recklessly!
You are too injured to fight recklessly!
The orc attacks as you move away! The orc misses you.
The orc barely misses you. The orc attacks as you move away!
The orc hits you with a +0 whip. The orc attacks as you move away!
The orc hits you with a +1 flail of holy wrath.
The orc attacks as you move away! The orc barely misses you.
The orc attacks as you move away! The orc barely misses you.
The orc attacks as you move away!
The orc hits you with a +1 flail of holy wrath!
* * * LOW HITPOINT WARNING * * *
There is a stone staircase leading up here.
The orc hits you but does no damage.
The orc hits you with a +1 flail of holy wrath!
You die...

##......# ##.......##
#.......?.# # .#...#
#.....)...# .# ...#.#
#....<)...##.# .....
##............# .....
.........o...### ..#.#
.##.....oo...#####
....###.##......@..[....#
.##......#..............#
........................#
<##......#..............#
.##†.....##........##.###
.........###.....#.##.#
..........####.....##.#
.##........###....###.##
.##.........##...####..#


You could see 3 orcs.

Vanquished Creatures
  An orc wizard (D:3)
  An adder (D:2)
  A worm (D:2)
  3 dart slugs (D:3)
  An orc (D:3)
  5 ball pythons
  3 endoplasms
  A giant cockroach (D:3)
  3 goblins (D:1)
  9 hobgoblins
  2 jackals (D:2)
  5 kobolds
  2 quokkas
  5 bats
  5 frilled lizards
  6 rats
53 creatures vanquished.

Notes
Turn   | Place    | Note
-------+----------+-------------------------------------------
     0 | D:1      | greenreed the Draconian Berserker began the quest for the
                  | Orb.
     0 | D:1      | Reached XP level 1. HP: 19/19 MP: 1/1
   199 | D:1      | Reached XP level 2. HP: 26/26 MP: 2/2
   343 | D:1      | Found a faded altar of an unknown god.
  1068 | D:2      | Reached XP level 3. HP: 33/33 MP: 3/3
  1126 | D:2      | Reached ** piety under Trog
  1947 | D:3      | Found an opulent altar of Gozag.
  2025 | D:3      | Reached XP level 4. HP: 37/40 MP: 4/4
  2081 | D:3      | Slain by an orc

Illustrated notes

Levels and vault maps discovered:
D:1:      dpeg_arrival_morbid_curiosity, layout_loops_ring,
          ebering_ecumenical_altar_hall
D:2:      layout_basic
D:3:      layout_rooms, nicolae_gozag_cash_rules_everything_around_me,
          nicolae_yredelemnul_ghost_church, jmf_multi_god_temple2

Skill      XL: |  1  2  3  4 |
---------------+-------------+-----
Dodging        | 3 |  3.5
Fighting       | 4 |  4.0
Maces & Flails | 4 |  4.1
Stealth        | |  0.1

Action                   |  1- 3 |  4- 6 || total
-------------------------+-------+-------++-------
Melee: Mace              |   136 |    11 ||   147
       Tailslap          |    15 |     1 ||    16
       Punch             |     1 |       ||     1
Armor: Skin              |    54 |     6 ||    60
Dodge: Dodged            |    93 |    20 ||   113

Table legend: (Time is in decaauts)
 A = Elapsed time spent in this place.
 B = Non-inter-level travel time spent in this place.
 C = Inter-level travel time spent in this place.
 D = Time resting spent in this place.
 E = Time spent auto-exploring this place.
 F = Levels seen in this place.
 G = Mean time per level.
                   A        B        C        D        E       F      G
               +--------+--------+--------+--------+--------+-----+--------+
         Total |   2116 |   2030 |     86 |      0 |   1657 |   3 |  705.3 |
       Dungeon |   2116 |   2030 |     86 |      0 |   1657 |   3 |  705.3 |
               +--------+--------+--------+--------+--------+-----+--------+

Top non-repeatable levels by time:
     D:1: 1046 daAuts
     D:2: 862 daAuts
     D:3: 207 daAuts
